Map: Lockdown LE

Players

RipNHammer - Winner!

  • Race: Terran Terran
  • League: Master
  • Spawn Location: 1:00

JasherD

  • Race: Terran Terran
  • League: Master
  • Spawn Location: 7:00

VOD

Have the link to the VOD?

Description

Time

  • Played on: Sept. 6, 2026, 6:50 p.m.
  • Length: 4:53
Show
View Real Time Build Order
Export as new Build Order

RipNHammer Terran - Winner!

Build Orders:  

Get SALT Encoding   

  8  0:00  SCV  
  9  0:12  SCV  
  10  0:24  SCV  
  11  0:36  SCV  
  11  0:39  Supply Depot  
  12  0:49  SCV  
  13  1:01  SCV  
  13  1:02  Barracks  
  14  1:07  Refinery  
  14  1:13  SCV  
  14  1:15  Refinery  
  15  1:25  SCV  
  16  1:40  SCV  
  17  1:49  Reaper  
  17  1:52  Orbital Command  
  18  2:06  Factory  
  18  2:16  Supply Depot  
  18  2:21  SCV  
  19  2:25  Reaper  
  20  2:33  SCV  
  21  2:45  SCV  
  21  2:49  Hellion  
  24  2:54  Supply Depot  
  24  2:59  Reaper, SCV  
  24  3:04  Starport  
  26  3:11  SCV  
  26  3:17  Hellion  
  26  3:23  SCV  
  27  3:33  Reaper  
  28  3:35  SCV  
  28  3:38  Hellion  
  31  3:47  SCV  
  32  3:59  SCV  
  31  4:06  Marine  
  31  4:09  Liberator  
  35  4:14  Hellion  
  37  4:21  Supply Depot  
Show
View Real Time Build Order
Export as new Build Order

JasherD Terran 

Build Orders:  

Get SALT Encoding   

  8  0:02  SCV  
  10  0:14  SCV  
  10  0:26  SCV  
  11  0:28  Supply Depot  
  12  0:51  Barracks  
  12  0:56  Refinery  
  11  1:02  SCV  
  12  1:14  SCV  
  13  1:26  Barracks  
  13  1:45  Reaper  
  14  1:52  Barracks  
  14  1:58  SCV  
  15  2:08  Refinery  
  15  2:15  Reaper  
  16  2:22  Reaper  
  16  2:27  SCV  
  18  2:40  Reaper  
  19  2:49  Supply Depot  
  19  2:54  Reaper  
  20  3:00  Reaper  
  20  3:21  Reaper  
  20  3:28  Reaper  
  20  3:33  Orbital Command  
  21  3:34  Reaper  
  22  3:55  Reaper  
  22  4:08  SCV  
  21  4:16  Reaper  
  22  4:17  Factory  
  22  4:20  SCV  
  22  4:32  SCV  
  22  4:36  Supply Depot  
Tags
 
Matchup
TvT
Race
Terran
Replay Pack
RipNHammer
Spawn Locations
Cross Positions
Add a new tag
Caveats
  • Supply blocks, unpowered buildings, or Contaminate may cause inaccurate times.
  • Supply counts are checked every 10 seconds.